Red Wings vs Devils
Created - March 2, 2021 at 20:58
Goals
|
Red Wings |
2 |
0 |
0 |
2 |
Devils |
1 |
1 |
2 |
4 |
|
Shots
|
Red Wings |
9 |
6 |
8 |
23 |
Devils |
3 |
14 |
9 |
26 |
|
1st period
1. Red Wings , Marko Dano 15 (Mike Richards 30, Carson Mcmillan 15) at 4:48
2. Red Wings , Mike Richards 20 (Kellan Lain 14, Philip Samuelsson 31) at 18:18 (PP)
3. Devils , Chris Stewart 12 (Jamie Arniel 18) at 19:09
Penalties :
Michael Del Zotto (NJD) for Tripping (Minor) at 7:09, Anton Stralman (NJD) for Holding (Minor) at 17:45
2nd period
4. Devils , Brad Richardson 6 (Mike Weber 3, Nick Bonino 9) at 1:55
Penalties :
David Krejci (Det) for High sticking (Minor) at 13:18
3rd period
5. Devils , Tyler Ennis 32 (Kristopher Letang 20, Nazem Kadri 48) at 0:06
6. Devils , Eric Tangradi 10 (Anton Stralman 18, Kristopher Letang 21) at 3:09
Penalties :
Evgeni Malkin (Det) for Slashing (Minor) at 9:20, Marian Gaborik (NJD) for Interference (Minor) at 14:04
Goalie Stats
Robin Lehner (Det), 22 saves from 26 shots - (0.846), L, 17-24-6, 60:00 minutes
Maxime Daigneault (NJD), 21 saves from 23 shots - (0.913), W, 26-14-6, 60:00 minutes
Players Stats for Red Wings
Player Name G A P +/- PIM S H SB GA TA FO MP PP MP PK MP
------------------------------------------------------------------------------------
Alex Picard 0 0 0 -1 0 3 1 0 0 0 0/2 17:07 0:50 1:08
Carson Mcmillan 0 1 1 -1 0 1 0 0 0 1 0/0 16:57 0:12 2:00
Connor Brown 0 0 0 -1 0 2 1 0 0 1 0/0 17:23 1:32 0:00
Darroll Powe 0 0 0 -1 0 0 0 1 0 1 1/5 9:13 0:10 2:06
David Krejci 0 0 0 -1 2 3 1 0 1 0 1/6 13:23 0:00 0:46
Evgeni Malkin 0 0 0 -1 2 2 2 0 2 0 13/22 18:27 1:43 0:37
Jakub Kindl 0 0 0 0 0 1 0 1 0 1 0/0 13:50 0:00 0:00
Jiri Fischer 0 0 0 -1 0 0 1 1 0 0 0/0 19:49 1:53 1:28
Kellan Lain 0 1 1 -1 0 0 1 0 0 1 0/2 17:20 1:29 0:00
Kris Versteeg 0 0 0 0 0 4 1 0 1 0 0/0 16:38 2:21 0:00
Lasse Kukkonen 0 0 0 0 0 1 0 1 0 1 0/0 13:50 0:00 0:00
Marko Dano 1 0 1 0 0 1 2 0 0 1 0/2 16:07 2:21 0:00
Michael Haley 0 0 0 -1 0 2 1 0 0 0 0/0 6:49 0:00 0:50
Mike Richards 1 1 2 0 0 1 0 0 0 0 8/14 16:29 1:55 0:29
Ole-Kristian Tollefsen 0 0 0 -2 0 0 1 0 0 2 0/0 26:21 2:38 2:30
Petr Pohl 0 0 0 -1 0 1 2 0 2 0 0/1 10:07 1:00 0:00
Philip Samuelsson 0 1 1 -2 0 1 1 0 0 0 0/0 26:21 2:38 2:30
Ryan O'Byrne 0 0 0 -1 0 0 4 0 0 1 0/0 19:49 1:53 1:28
Players Stats for Devils
Player Name G A P +/- PIM S H SB GA TA FO MP PP MP PK MP
------------------------------------------------------------------------------------
Anton Stralman 0 1 1 1 2 2 1 3 0 0 0/0 26:20 2:05 2:25
Brad Richards 0 0 0 -1 0 0 1 0 0 0 4/7 14:01 0:00 0:17
Brad Richardson 1 0 1 2 0 1 1 0 0 0 1/1 8:13 0:00 0:00
Chris Stewart 1 0 1 1 0 2 5 0 0 0 0/0 15:44 1:47 0:00
Eric Tangradi 1 0 1 2 0 2 2 0 0 0 1/1 11:48 0:00 1:03
Jamie Arniel 0 1 1 1 0 0 3 0 0 0 4/10 15:44 1:47 0:00
Josh Gorges 0 0 0 1 0 0 1 1 0 1 0/0 20:26 1:53 2:20
Kristopher Letang 0 2 2 1 0 0 2 1 3 1 0/0 26:25 2:05 2:11
Marian Gaborik 0 0 0 1 2 3 5 0 2 0 1/3 19:58 2:11 1:20
Martin Samuelsson 0 0 0 -1 0 0 1 0 0 0 1/1 13:42 0:00 0:45
Michael Del Zotto 0 0 0 1 2 2 2 0 0 0 0/0 21:33 1:53 1:15
Mike Weber 0 1 1 1 0 0 1 2 0 0 0/0 14:20 0:00 0:47
Nazem Kadri 0 1 1 1 0 2 1 1 0 0 17/27 17:00 2:11 1:53
Nick Bonino 0 1 1 2 0 1 0 0 0 1 0/1 8:30 0:00 0:27
Patrick Kaleta 0 0 0 -1 0 2 1 0 0 1 1/2 13:03 0:00 0:00
Thomas Hickey 0 0 0 1 0 2 2 3 1 0 0/0 13:53 0:00 0:04
Tyler Ennis 1 0 1 1 0 4 1 0 3 2 0/0 18:09 2:11 2:17
Zach Parise 0 0 0 1 0 3 3 0 1 0 1/1 16:37 1:47 1:00
3 Stars
1 - Chris Stewart (NJD)
2 - Eric Tangradi (NJD)
3 - Brad Richardson (NJD)
Power Play
Red Wings - 1 on 3 Attempt(s) - 33.33%
Devils - 0 on 2 Attempt(s) - 0.00%
Penalty Kill
Red Wings - 2 on 2 Attempt(s) - 100.00%
- Score 0 goal in Penalty Kill
Devils - 2 on 3 Attempt(s) - 66.67%
- Score 0 goal in Penalty Kill
Team Stat
Red Wings - Hits : 19 - Faceoff Wins : 23 - Blocked Shots : 4 - Penalty Minutes : 4
Devils - Hits : 33 - Faceoff Wins : 31 - Blocked Shots : 11 - Penalty Minutes : 6
Official
Referees : Unknown
Linesman : Unknown
Game Notes
No Game Note
Finance
Level 1 -- Attendance: 6000 (100.00%) -- Ticket Income $630,000
Level 2 -- Attendance: 5000 (100.00%) -- Ticket Income $325,000
Level 3 -- Attendance: 1885 (94.25%) -- Ticket Income $75,400
Level 4 -- Attendance: 3036 (75.90%) -- Ticket Income $91,080
Luxury Box -- Attendance: 937 (93.70%) -- Ticket Income $168,660
Game was played at the The Pack Center.
Total Attendance: 16858 (93.66%)
Total Ticket Income: $1,290,140
Other Income: $193,521
Total Income: $1,483,661
Red Wings
5 vs 5 Forward
Center Left Wing Right Wing Time % Phy DF OF
1 Evgeni Malkin Kellan Lain Connor Brown 40 1 2 2
2 Mike Richards Marko Dano Kris Versteeg 30 1 2 2
3 David Krejci Alex Picard Carson Mcmillan 20 1 2 2
4 Darroll Powe Michael Haley Petr Pohl 10 1 2 2
5 vs 5 Defense
Defense Defense Time % Phy DF OF
1 Philip Samuelsson Ole-Kristian Tollefsen 40 1 2 2
2 Ryan O'Byrne Jiri Fischer 30 1 2 2
3 Lasse Kukkonen Jakub Kindl 20 1 2 2
4 Philip Samuelsson Ole-Kristian Tollefsen 10 1 2 2
PowerPlay Forward
Center Left Wing Right Wing Time % Phy DF OF
1 Evgeni Malkin Marko Dano Kris Versteeg 60 1 2 2
2 Mike Richards Kellan Lain Connor Brown 40 1 2 2
PowerPlay Defense
Defense Defense Time % Phy DF OF
1 Philip Samuelsson Ole-Kristian Tollefsen 60 1 2 2
2 Ryan O'Byrne Jiri Fischer 40 1 2 2
Penalty Kill 4 Players Forward
Center Wing Time % Phy DF OF
1 Darroll Powe Carson Mcmillan 60 1 2 2
2 Evgeni Malkin Michael Haley 40 1 2 2
Penalty Kill 4 Players Defense
Defense Defense Time % Phy DF OF
1 Philip Samuelsson Ole-Kristian Tollefsen 60 1 2 2
2 Ryan O'Byrne Jiri Fischer 40 1 2 2
Penalty Kill - 3 Players Forward
Forward Time % Phy DF OF
1 Carson Mcmillan 60 1 2 2
2 Michael Haley 40 1 2 2
Penalty Kill - 3 Players Defense
Defense Defense Time % Phy DF OF
1 Philip Samuelsson Ole-Kristian Tollefsen 60 1 2 2
2 Ryan O'Byrne Jiri Fischer 40 1 2 2
4 vs 4 Forward
Center Wing Time % Phy DF OF
1 Evgeni Malkin Kris Versteeg 60 1 2 2
2 Connor Brown Marko Dano 40 1 2 2
4 vs 4 Defense
Defense Defense Time % Phy DF OF
1 Philip Samuelsson Ole-Kristian Tollefsen 60 1 2 2
2 Ryan O'Byrne Jiri Fischer 40 1 2 2
Last Minutes Offensive
Center Left Wing Right Wing Defense Defense
Evgeni Malkin Marko Dano Kris Versteeg Philip Samuelsson Connor Brown
Last Minutes Defensive
Center Left Wing Right Wing Defense Defense
Evgeni Malkin Michael Haley Carson Mcmillan Philip Samuelsson Ole-Kristian Tollefsen
Goaltenders
Starting : Robin Lehner
Backup : Josh Harding
Extra Forwards
Normal : Petr Pohl, Alex Picard, David Krejci - PP : Petr Pohl, Alex Picard - PK : David Krejci
Extra Defensemen
Normal : Lasse Kukkonen, Jakub Kindl, Ryan O'Byrne - PP : Lasse Kukkonen - PK : Jakub Kindl, Ryan O'Byrne
Penalty Shots
Evgeni Malkin, Alex Picard, Mike Richards, Connor Brown, Carson Mcmillan
Scratches
Chuck Kobasew (Healthy), Matt Greene (Healthy)
Devils
5 vs 5 Forward
Center Left Wing Right Wing Time % Phy DF OF
1 Nazem Kadri Tyler Ennis Marian Gaborik 40 1 2 2
2 Jamie Arniel Zach Parise Chris Stewart 30 1 2 2
3 Brad Richards Martin Samuelsson Patrick Kaleta 20 1 2 2
4 Nick Bonino Eric Tangradi Brad Richardson 10 1 2 2
5 vs 5 Defense
Defense Defense Time % Phy DF OF
1 Kristopher Letang Anton Stralman 40 1 2 2
2 Josh Gorges Michael Del Zotto 30 1 2 2
3 Thomas Hickey Mike Weber 20 1 2 2
4 Kristopher Letang Anton Stralman 10 1 2 2
PowerPlay Forward
Center Left Wing Right Wing Time % Phy DF OF
1 Nazem Kadri Tyler Ennis Marian Gaborik 60 1 2 2
2 Jamie Arniel Zach Parise Chris Stewart 40 1 2 2
PowerPlay Defense
Defense Defense Time % Phy DF OF
1 Kristopher Letang Anton Stralman 60 1 2 2
2 Josh Gorges Michael Del Zotto 40 1 2 2
Penalty Kill 4 Players Forward
Center Wing Time % Phy DF OF
1 Marian Gaborik Tyler Ennis 60 1 2 2
2 Nazem Kadri Zach Parise 40 1 2 2
Penalty Kill 4 Players Defense
Defense Defense Time % Phy DF OF
1 Kristopher Letang Anton Stralman 60 1 2 2
2 Josh Gorges Michael Del Zotto 40 1 2 2
Penalty Kill - 3 Players Forward
Forward Time % Phy DF OF
1 Marian Gaborik 60 1 2 2
2 Tyler Ennis 40 1 2 2
Penalty Kill - 3 Players Defense
Defense Defense Time % Phy DF OF
1 Kristopher Letang Anton Stralman 60 1 2 2
2 Josh Gorges Michael Del Zotto 40 1 2 2
4 vs 4 Forward
Center Wing Time % Phy DF OF
1 Marian Gaborik Tyler Ennis 60 1 2 2
2 Nazem Kadri Zach Parise 40 1 2 2
4 vs 4 Defense
Defense Defense Time % Phy DF OF
1 Kristopher Letang Anton Stralman 60 1 2 2
2 Josh Gorges Michael Del Zotto 40 1 2 2
Last Minutes Offensive
Center Left Wing Right Wing Defense Defense
Nazem Kadri Tyler Ennis Marian Gaborik Kristopher Letang Anton Stralman
Last Minutes Defensive
Center Left Wing Right Wing Defense Defense
Nazem Kadri Tyler Ennis Marian Gaborik Kristopher Letang Anton Stralman
Goaltenders
Starting : Maxime Daigneault
Backup : Thomas McCollum
Extra Forwards
Normal : Brad Richards, Patrick Kaleta, Martin Samuelsson - PP : Brad Richards, Patrick Kaleta - PK : Martin Samuelsson
Extra Defensemen
Normal : Thomas Hickey, Mike Weber, Josh Gorges - PP : Thomas Hickey - PK : Mike Weber, Josh Gorges
Penalty Shots
Marian Gaborik, Tyler Ennis, Nazem Kadri, Zach Parise, Jamie Arniel
Scratches
Matt Donovan (Torn Left MCL Injury)
% Time on Ice - Red Wings
Lines # - Real PCT - Wanted PCT - Time Play
Normal Forward
1 - 39% - 40% - 19:54
2 - 31% - 30% - 15:50
3 - 20% - 20% - 10:33
4 - 10% - 10% - 5:14
Normal Defense
1 - 36% - 40% - 18:20
2 - 32% - 30% - 16:28
3 - 27% - 20% - 13:50
4 - 6% - 10% - 2:53
PP Forward
1 - 58% - 60% - 2:36
2 - 42% - 40% - 1:55
PP Defense
1 - 58% - 60% - 2:38
2 - 42% - 40% - 1:53
PK Forward
1 - 79% - 60% - 3:08
2 - 21% - 40% - 0:50
PK Defense
1 - 63% - 60% - 2:30
2 - 37% - 40% - 1:28
PK3 Forward
1 - 0% - 60%
2 - 0% - 40%
PK3 Defense
1 - 0% - 60%
2 - 0% - 40%
44 Forward
1 - 0% - 60%
2 - 0% - 40%
44 Defense
1 - 0% - 60%
2 - 0% - 40%
Last Minute Offensive - 0:00
Last Minute Defensive - 0:00
Total
Forward - 60:00
Defense - 60:00
|
% Time on Ice - Devils
Lines # - Real PCT - Wanted PCT - Time Play
Normal Forward
1 - 33% - 40% - 17:04
2 - 28% - 30% - 14:34
3 - 23% - 20% - 11:55
4 - 15% - 10% - 7:58
Normal Defense
1 - 39% - 40% - 20:12
2 - 29% - 30% - 15:02
3 - 26% - 20% - 13:33
4 - 5% - 10% - 2:44
PP Forward
1 - 55% - 60% - 2:11
2 - 45% - 40% - 1:47
PP Defense
1 - 53% - 60% - 2:05
2 - 47% - 40% - 1:53
PK Forward
1 - 82% - 60% - 3:42
2 - 18% - 40% - 0:49
PK Defense
1 - 48% - 60% - 2:11
2 - 52% - 40% - 2:20
PK3 Forward
1 - 0% - 60%
2 - 0% - 40%
PK3 Defense
1 - 0% - 60%
2 - 0% - 40%
44 Forward
1 - 0% - 60%
2 - 0% - 40%
44 Defense
1 - 0% - 60%
2 - 0% - 40%
Last Minute Offensive - 0:00
Last Minute Defensive - 0:00
Total
Forward - 60:00
Defense - 60:00
|
Play-by-Play
1st period
0:01 of 1st period - Nazem Kadri wins face-off versus Evgeni Malkin in neutral zone.
0:16 of 1st period - Snap shot by Tyler Ennis.
0:16 of 1st period - Stopped by Robin Lehner without a rebound.
0:17 of 1st period - Mike Richards wins face-off versus Jamie Arniel in Red Wings zone.
0:44 of 1st period - Michael Del Zotto is hit by Ryan O'Byrne and loses puck.
1:12 of 1st period - Wrist shot by Evgeni Malkin.
1:12 of 1st period - Shot Misses the Net.
1:26 of 1st period - Anton Stralman is hit by Alex Picard and loses puck.
1:35 of 1st period - Snap shot by Nick Bonino.
1:35 of 1st period - Shot Misses the Net.
1:44 of 1st period - Off-side.
1:45 of 1st period - Jamie Arniel wins face-off versus Mike Richards in neutral zone.
2:20 of 1st period - Icing by Michael Del Zotto.
2:21 of 1st period - Nazem Kadri wins face-off versus Alex Picard in Devils zone.
2:36 of 1st period - Off-side.
2:37 of 1st period - Mike Richards wins face-off versus Patrick Kaleta in neutral zone.
2:44 of 1st period - Wrist shot by Kris Versteeg.
2:44 of 1st period - Shot Misses the Net.
3:03 of 1st period - Philip Samuelsson is hit by Marian Gaborik and loses puck.
3:30 of 1st period - Kellan Lain is hit by Zach Parise and loses puck.
4:09 of 1st period - Snap shot by Marian Gaborik.
4:09 of 1st period - Shot Misses the Net.
4:48 of 1st period - Wrist shot by Marko Dano.
4:48 of 1st period - Goal by Marko Dano - Red Wings : 1 - Devils : 0.
4:49 of 1st period - Evgeni Malkin wins face-off versus Nazem Kadri in neutral zone.
4:54 of 1st period - Wrist shot by Kellan Lain.
4:54 of 1st period - Shot Blocked by Mike Weber.
4:56 of 1st period - Slapshot by Evgeni Malkin.
4:56 of 1st period - Stopped by Maxime Daigneault without a rebound.
4:57 of 1st period - Evgeni Malkin wins face-off versus Nazem Kadri in Devils zone.
5:00 of 1st period - Wrist shot by Evgeni Malkin.
5:00 of 1st period - Stopped by Maxime Daigneault with a rebound.
5:02 of 1st period - Slapshot by Connor Brown.
5:02 of 1st period - Stopped by Maxime Daigneault without a rebound.
5:03 of 1st period - Brad Richards wins face-off versus Evgeni Malkin in Devils zone.
5:03 of 1st period - Brad Richards is hit by Kellan Lain.
5:51 of 1st period - Ole-Kristian Tollefsen is hit by Jamie Arniel and loses puck.
6:46 of 1st period - Snap shot by David Krejci.
6:46 of 1st period - Stopped by Maxime Daigneault with a rebound.
6:48 of 1st period - Wrist shot by Carson Mcmillan.
6:48 of 1st period - Stopped by Maxime Daigneault with a rebound.
6:50 of 1st period - Snap shot by Carson Mcmillan.
6:50 of 1st period - Shot Blocked by Anton Stralman.
6:52 of 1st period - Snap shot by David Krejci.
6:52 of 1st period - Stopped by Maxime Daigneault without a rebound.
6:53 of 1st period - Evgeni Malkin wins face-off versus Nazem Kadri in Devils zone.
7:09 of 1st period - Minor Penalty to Michael Del Zotto for Tripping.
7:10 of 1st period - Evgeni Malkin wins face-off versus Marian Gaborik in Devils zone.
7:22 of 1st period - Anton Stralman is hit by Ryan O'Byrne and loses puck.
7:41 of 1st period - Kristopher Letang is hit by Ryan O'Byrne and loses puck.
9:09 of 1st period - Penalty to Michael Del Zotto is over, Michael Del Zotto is back on ice.
9:24 of 1st period - Carson Mcmillan is hit by Marian Gaborik and loses puck.
9:48 of 1st period - Snap shot by Michael Del Zotto.
9:48 of 1st period - Shot Misses the Net.
9:50 of 1st period - Slapshot by Kristopher Letang.
9:50 of 1st period - Shot Blocked by Lasse Kukkonen.
9:52 of 1st period - Slapshot by Thomas Hickey.
9:52 of 1st period - Stopped by Robin Lehner with a rebound.
9:54 of 1st period - Snap shot by Michael Del Zotto.
9:54 of 1st period - Shot Misses the Net.
10:38 of 1st period - Wrist shot by Alex Picard.
10:38 of 1st period - Shot Blocked by Thomas Hickey.
10:40 of 1st period - Wrist shot by Petr Pohl.
10:40 of 1st period - Shot Blocked by Thomas Hickey.
10:42 of 1st period - Slapshot by Jiri Fischer.
10:42 of 1st period - Shot Blocked by Thomas Hickey.
10:44 of 1st period - Snap shot by Alex Picard.
10:44 of 1st period - Shot Misses the Net.
11:29 of 1st period - Petr Pohl is hit by Eric Tangradi and loses puck.
12:03 of 1st period - Snap shot by Michael Del Zotto.
12:03 of 1st period - Shot Misses the Net.
12:27 of 1st period - Michael Del Zotto is hit by Ole-Kristian Tollefsen and loses puck.
12:32 of 1st period - Snap shot by Alex Picard.
12:32 of 1st period - Stopped by Maxime Daigneault without a rebound.
12:33 of 1st period - Mike Richards wins face-off versus Jamie Arniel in Devils zone.
13:36 of 1st period - Icing by Patrick Kaleta.
13:37 of 1st period - Brad Richards wins face-off versus Evgeni Malkin in Devils zone.
13:44 of 1st period - Ryan O'Byrne is hit by Jamie Arniel and loses puck.
13:49 of 1st period - Wrist shot by Jamie Arniel.
13:49 of 1st period - Deflect By Chris Stewart.
13:49 of 1st period - Shot Misses the Net.
13:49 of 1st period - Puck is out of play.
13:50 of 1st period - Mike Richards wins face-off versus Jamie Arniel in Red Wings zone.
14:17 of 1st period - Kristopher Letang is hit by Connor Brown and loses puck.
14:40 of 1st period - Marko Dano is hit by Zach Parise and loses puck.
15:08 of 1st period - Lasse Kukkonen is hit by Jamie Arniel and loses puck.
17:09 of 1st period - Icing by Anton Stralman.
17:10 of 1st period - Evgeni Malkin wins face-off versus Jamie Arniel in Devils zone.
17:45 of 1st period - Minor Penalty to Anton Stralman for Holding.
17:46 of 1st period - Marian Gaborik wins face-off versus Evgeni Malkin in Devils zone.
17:57 of 1st period - Slapshot by Philip Samuelsson.
17:57 of 1st period - Shot Blocked by Josh Gorges.
17:59 of 1st period - Wrist shot by Kris Versteeg.
17:59 of 1st period - Shot Misses the Net.
18:16 of 1st period - Snap shot by Kellan Lain.
18:16 of 1st period - Shot Blocked by Nazem Kadri.
18:18 of 1st period - Snap shot by Mike Richards.
18:18 of 1st period - Goal by Mike Richards - Red Wings : 2 - Devils : 0.
18:19 of 1st period - Jamie Arniel wins face-off versus David Krejci in neutral zone.
18:22 of 1st period - Carson Mcmillan is hit by Chris Stewart and loses puck.
18:35 of 1st period - Slapshot by Philip Samuelsson.
18:35 of 1st period - Deflect By Carson Mcmillan.
18:35 of 1st period - Shot Misses the Net.
18:35 of 1st period - Puck is out of play.
18:36 of 1st period - Nazem Kadri wins face-off versus Marko Dano in Devils zone.
18:36 of 1st period - Nazem Kadri is hit by Marko Dano.
19:07 of 1st period - Snap shot by Jamie Arniel.
19:07 of 1st period - Shot Misses the Net.
19:09 of 1st period - Wrist shot by Chris Stewart.
19:09 of 1st period - Goal by Chris Stewart - Red Wings : 2 - Devils : 1.
19:10 of 1st period - Mike Richards wins face-off versus Jamie Arniel in neutral zone.
19:35 of 1st period - Ole-Kristian Tollefsen is hit by Marian Gaborik and loses puck.
19:44 of 1st period - Tyler Ennis is hit by David Krejci and loses puck.
19:57 of 1st period - Brad Richards is hit by Petr Pohl and loses puck.
Goals for this period are 2 for Red Wings vs 1 for Devils.
Shots for this period are 9 for Red Wings vs 3 for Devils.
2nd period
0:01 of 2nd period - Jamie Arniel wins face-off versus Mike Richards in neutral zone.
0:27 of 2nd period - Jiri Fischer is hit by Marian Gaborik and loses puck.
0:54 of 2nd period - Brad Richards is hit by Michael Haley and loses puck.
1:42 of 2nd period - Marko Dano is hit by Josh Gorges and loses puck.
1:53 of 2nd period - Snap shot by Nick Bonino.
1:53 of 2nd period - Stopped by Robin Lehner with a rebound.
1:55 of 2nd period - Slapshot by Mike Weber.
1:55 of 2nd period - Deflect By Brad Richardson.
1:55 of 2nd period - Goal by Brad Richardson - Red Wings : 2 - Devils : 2.
1:56 of 2nd period - Nazem Kadri wins face-off versus Marko Dano in neutral zone.
2:16 of 2nd period - Icing by Kris Versteeg.
2:17 of 2nd period - Mike Richards wins face-off versus Jamie Arniel in Red Wings zone.
2:22 of 2nd period - Slapshot by Jiri Fischer.
2:22 of 2nd period - Shot Misses the Net.
2:30 of 2nd period - Wrist shot by Kris Versteeg.
2:30 of 2nd period - Shot Misses the Net.
2:32 of 2nd period - Wrist shot by Kris Versteeg.
2:32 of 2nd period - Stopped by Maxime Daigneault without a rebound.
2:33 of 2nd period - Nazem Kadri wins face-off versus David Krejci in Devils zone.
2:58 of 2nd period - Michael Del Zotto is hit by Evgeni Malkin and loses puck.
3:24 of 2nd period - Backhand shot by Darroll Powe.
3:24 of 2nd period - Deflect By Michael Haley.
3:24 of 2nd period - Stopped by Maxime Daigneault without a rebound.
3:25 of 2nd period - Brad Richards wins face-off versus Darroll Powe in Devils zone.
3:32 of 2nd period - Slapshot by Patrick Kaleta.
3:32 of 2nd period - Stopped by Robin Lehner with a rebound.
3:54 of 2nd period - Slapshot by Nazem Kadri.
3:54 of 2nd period - Stopped by Robin Lehner with a rebound.
3:56 of 2nd period - Snap shot by Nazem Kadri.
3:56 of 2nd period - Deflect By Tyler Ennis.
3:56 of 2nd period - Shot Misses the Net.
3:56 of 2nd period - Puck is out of play.
3:57 of 2nd period - Evgeni Malkin wins face-off versus Marian Gaborik in Red Wings zone.
4:08 of 2nd period - Snap shot by Marian Gaborik.
4:08 of 2nd period - Stopped by Robin Lehner without a rebound.
4:09 of 2nd period - Jamie Arniel wins face-off versus Mike Richards in Red Wings zone.
4:20 of 2nd period - Wrist shot by Zach Parise.
4:20 of 2nd period - Stopped by Robin Lehner with a rebound.
4:22 of 2nd period - Wrist shot by Michael Del Zotto.
4:22 of 2nd period - Stopped by Robin Lehner without a rebound.
4:23 of 2nd period - Nazem Kadri wins face-off versus Evgeni Malkin in Red Wings zone.
4:50 of 2nd period - Alex Picard is hit by Chris Stewart and loses puck.
6:11 of 2nd period - Icing by Nick Bonino.
6:12 of 2nd period - Evgeni Malkin wins face-off versus Nick Bonino in Devils zone.
6:15 of 2nd period - Wrist shot by Connor Brown.
6:15 of 2nd period - Stopped by Maxime Daigneault without a rebound.
6:16 of 2nd period - Nazem Kadri wins face-off versus Evgeni Malkin in Devils zone.
6:43 of 2nd period - Alex Picard is hit by Chris Stewart.
6:49 of 2nd period - Wrist shot by Zach Parise.
6:49 of 2nd period - Stopped by Robin Lehner with a rebound.
7:04 of 2nd period - Off-side.
7:05 of 2nd period - Patrick Kaleta wins face-off versus Mike Richards in neutral zone.
8:25 of 2nd period - Slapshot by Michael Del Zotto.
8:25 of 2nd period - Deflect By Michael Haley.
8:25 of 2nd period - Stopped by Robin Lehner with a rebound.
8:43 of 2nd period - Wrist shot by Marko Dano.
8:43 of 2nd period - Shot Misses the Net.
9:22 of 2nd period - Wrist shot by Eric Tangradi.
9:22 of 2nd period - Stopped by Robin Lehner without a rebound.
9:23 of 2nd period - Brad Richardson wins face-off versus David Krejci in Red Wings zone.
9:50 of 2nd period - Off-side.
9:51 of 2nd period - Nazem Kadri wins face-off versus Evgeni Malkin in neutral zone.
10:17 of 2nd period - Ole-Kristian Tollefsen is hit by Chris Stewart and loses puck.
10:37 of 2nd period - Kris Versteeg is hit by Michael Del Zotto and loses puck.
11:05 of 2nd period - Wrist shot by Zach Parise.
11:05 of 2nd period - Stopped by Robin Lehner with a rebound.
11:07 of 2nd period - Snap shot by Chris Stewart.
11:07 of 2nd period - Deflect By Jamie Arniel.
11:07 of 2nd period - Shot Misses the Net.
11:07 of 2nd period - Puck is out of play.
11:08 of 2nd period - Evgeni Malkin wins face-off versus Nazem Kadri in Red Wings zone.
11:08 of 2nd period - Evgeni Malkin is hit by Kristopher Letang.
11:22 of 2nd period - Snap shot by Nazem Kadri.
11:22 of 2nd period - Stopped by Robin Lehner with a rebound.
11:24 of 2nd period - Slapshot by Marian Gaborik.
11:24 of 2nd period - Stopped by Robin Lehner without a rebound.
11:25 of 2nd period - Martin Samuelsson wins face-off versus David Krejci in Red Wings zone.
11:50 of 2nd period - Jiri Fischer is hit by Nazem Kadri and loses puck.
12:11 of 2nd period - Eric Tangradi is hit by Jiri Fischer and loses puck.
12:31 of 2nd period - Wrist shot by David Krejci.
12:31 of 2nd period - Shot Misses the Net.
12:33 of 2nd period - Backhand shot by David Krejci.
12:33 of 2nd period - Deflect By Alex Picard.
12:33 of 2nd period - Stopped by Maxime Daigneault with a rebound.
12:35 of 2nd period - Wrist shot by Lasse Kukkonen.
12:35 of 2nd period - Stopped by Maxime Daigneault without a rebound.
12:36 of 2nd period - Nazem Kadri wins face-off versus David Krejci in Devils zone.
13:18 of 2nd period - Minor Penalty to David Krejci for High sticking.
13:19 of 2nd period - Nazem Kadri wins face-off versus Darroll Powe in Red Wings zone.
13:20 of 2nd period - Snap shot by Tyler Ennis.
13:20 of 2nd period - Deflect By Darroll Powe.
13:20 of 2nd period - Stopped by Robin Lehner without a rebound.
13:21 of 2nd period - Nazem Kadri wins face-off versus Darroll Powe in Red Wings zone.
14:04 of 2nd period - Carson Mcmillan is hit by Anton Stralman.
14:56 of 2nd period - Snap shot by Ole-Kristian Tollefsen.
14:56 of 2nd period - Shot Blocked by Anton Stralman.
15:18 of 2nd period - Penalty to David Krejci is over, David Krejci is back on ice.
15:24 of 2nd period - Ryan O'Byrne is hit by Martin Samuelsson and loses puck.
15:43 of 2nd period - Jiri Fischer is hit by Patrick Kaleta and loses puck.
16:13 of 2nd period - Michael Haley is hit by Kristopher Letang and loses puck.
18:39 of 2nd period - Jamie Arniel is hit by Philip Samuelsson and loses puck.
18:46 of 2nd period - Philip Samuelsson is hit by Zach Parise and loses puck.
18:57 of 2nd period - Martin Samuelsson is hit by Petr Pohl and loses puck.
19:04 of 2nd period - Slapshot by Petr Pohl.
19:04 of 2nd period - Stopped by Maxime Daigneault without a rebound.
19:05 of 2nd period - Nazem Kadri wins face-off versus Kellan Lain in Devils zone.
19:56 of 2nd period - Jiri Fischer is hit by Thomas Hickey and loses puck.
Goals for this period are 0 for Red Wings vs 1 for Devils.
Shots for this period are 6 for Red Wings vs 14 for Devils.
3rd period
0:01 of 3rd period - Nazem Kadri wins face-off versus Kellan Lain in neutral zone.
0:04 of 3rd period - Wrist shot by Kristopher Letang.
0:04 of 3rd period - Shot Misses the Net.
0:06 of 3rd period - Wrist shot by Tyler Ennis.
0:06 of 3rd period - Goal by Tyler Ennis - Red Wings : 2 - Devils : 3.
0:07 of 3rd period - Evgeni Malkin wins face-off versus Nazem Kadri in neutral zone.
0:12 of 3rd period - Slapshot by Connor Brown.
0:12 of 3rd period - Shot Blocked by Anton Stralman.
0:18 of 3rd period - Philip Samuelsson is hit by Marian Gaborik and loses puck.
0:46 of 3rd period - Snap shot by Kris Versteeg.
0:46 of 3rd period - Stopped by Maxime Daigneault without a rebound.
0:47 of 3rd period - Nazem Kadri wins face-off versus Alex Picard in Devils zone.
1:02 of 3rd period - Snap shot by Tyler Ennis.
1:02 of 3rd period - Stopped by Robin Lehner with a rebound.
1:18 of 3rd period - Off-side.
1:19 of 3rd period - Zach Parise wins face-off versus Evgeni Malkin in neutral zone.
1:42 of 3rd period - Slapshot by Chris Stewart.
1:42 of 3rd period - Stopped by Robin Lehner with a rebound.
1:49 of 3rd period - Off-side.
1:50 of 3rd period - Nazem Kadri wins face-off versus Mike Richards in neutral zone.
2:07 of 3rd period - Snap shot by Marian Gaborik.
2:07 of 3rd period - Stopped by Robin Lehner with a rebound.
2:44 of 3rd period - Kellan Lain is hit by Thomas Hickey and loses puck.
2:57 of 3rd period - Snap shot by Petr Pohl.
2:57 of 3rd period - Shot Blocked by Mike Weber.
2:59 of 3rd period - Snap shot by Michael Haley.
2:59 of 3rd period - Stopped by Maxime Daigneault without a rebound.
3:00 of 3rd period - Eric Tangradi wins face-off versus Darroll Powe in Devils zone.
3:05 of 3rd period - Snap shot by Anton Stralman.
3:05 of 3rd period - Deflect By Jiri Fischer.
3:05 of 3rd period - Stopped by Robin Lehner with a rebound.
3:07 of 3rd period - Slapshot by Anton Stralman.
3:07 of 3rd period - Stopped by Robin Lehner with a rebound.
3:09 of 3rd period - Snap shot by Eric Tangradi.
3:09 of 3rd period - Goal by Eric Tangradi - Red Wings : 2 - Devils : 4.
3:10 of 3rd period - Evgeni Malkin wins face-off versus Nazem Kadri in neutral zone.
3:19 of 3rd period - Wrist shot by Connor Brown.
3:19 of 3rd period - Shot Blocked by Kristopher Letang.
3:37 of 3rd period - Philip Samuelsson is hit by Chris Stewart and loses puck.
3:48 of 3rd period - Snap shot by Jamie Arniel.
3:48 of 3rd period - Shot Misses the Net.
3:58 of 3rd period - Wrist shot by Philip Samuelsson.
3:58 of 3rd period - Deflect By David Krejci.
3:58 of 3rd period - Stopped by Maxime Daigneault with a rebound.
4:00 of 3rd period - Slapshot by Philip Samuelsson.
4:00 of 3rd period - Stopped by Maxime Daigneault without a rebound.
4:01 of 3rd period - David Krejci wins face-off versus Brad Richards in Devils zone.
4:59 of 3rd period - Slapshot by Alex Picard.
4:59 of 3rd period - Stopped by Maxime Daigneault without a rebound.
5:00 of 3rd period - Evgeni Malkin wins face-off versus Nazem Kadri in Devils zone.
5:13 of 3rd period - Snap shot by Evgeni Malkin.
5:13 of 3rd period - Shot Misses the Net.
6:01 of 3rd period - Wrist shot by Brad Richardson.
6:01 of 3rd period - Shot Blocked by Jakub Kindl.
6:11 of 3rd period - Michael Del Zotto is hit by Evgeni Malkin and loses puck.
6:32 of 3rd period - Jamie Arniel is hit by Kris Versteeg and loses puck.
7:18 of 3rd period - David Krejci is hit by Tyler Ennis and loses puck.
8:50 of 3rd period - Slapshot by Jakub Kindl.
8:50 of 3rd period - Shot Misses the Net.
9:16 of 3rd period - Slapshot by Anton Stralman.
9:16 of 3rd period - Deflect By Patrick Kaleta.
9:16 of 3rd period - Stopped by Robin Lehner without a rebound.
9:17 of 3rd period - Evgeni Malkin wins face-off versus Brad Richards in Red Wings zone.
9:17 of 3rd period - Evgeni Malkin is hit by Brad Richards.
9:20 of 3rd period - Minor Penalty to Evgeni Malkin for Slashing.
9:21 of 3rd period - Darroll Powe wins face-off versus Nazem Kadri in Red Wings zone.
9:27 of 3rd period - Slapshot by Carson Mcmillan.
9:27 of 3rd period - Shot Misses the Net.
11:20 of 3rd period - Penalty to Evgeni Malkin is over, Evgeni Malkin is back on ice.
11:28 of 3rd period - Slapshot by Eric Tangradi.
11:28 of 3rd period - Shot Blocked by Darroll Powe.
11:30 of 3rd period - Slapshot by Thomas Hickey.
11:30 of 3rd period - Shot Misses the Net.
11:32 of 3rd period - Wrist shot by Nick Bonino.
11:32 of 3rd period - Shot Blocked by Jiri Fischer.
11:34 of 3rd period - Snap shot by Thomas Hickey.
11:34 of 3rd period - Stopped by Robin Lehner without a rebound.
11:35 of 3rd period - Evgeni Malkin wins face-off versus Brad Richards in Red Wings zone.
11:42 of 3rd period - Backhand shot by Jakub Kindl.
11:42 of 3rd period - Stopped by Maxime Daigneault without a rebound.
11:43 of 3rd period - Brad Richards wins face-off versus Evgeni Malkin in Devils zone.
13:26 of 3rd period - Snap shot by Connor Brown.
13:26 of 3rd period - Shot Misses the Net.
13:49 of 3rd period - Off-side.
13:50 of 3rd period - Mike Richards wins face-off versus Nazem Kadri in neutral zone.
13:59 of 3rd period - Slapshot by Kris Versteeg.
13:59 of 3rd period - Stopped by Maxime Daigneault without a rebound.
14:00 of 3rd period - Mike Richards wins face-off versus Nazem Kadri in Devils zone.
14:01 of 3rd period - Wrist shot by Kris Versteeg.
14:01 of 3rd period - Stopped by Maxime Daigneault without a rebound.
14:02 of 3rd period - Nazem Kadri wins face-off versus Mike Richards in Devils zone.
14:04 of 3rd period - Minor Penalty to Marian Gaborik for Interference.
14:05 of 3rd period - Nazem Kadri wins face-off versus Petr Pohl in Devils zone.
14:25 of 3rd period - Michael Del Zotto is hit by Marko Dano and loses puck.
14:48 of 3rd period - Nick Bonino is hit by Ryan O'Byrne and loses puck.
16:04 of 3rd period - Penalty to Marian Gaborik is over, Marian Gaborik is back on ice.
16:11 of 3rd period - Ryan O'Byrne is hit by Mike Weber and loses puck.
17:57 of 3rd period - David Krejci is hit by Brad Richardson and loses puck.
18:08 of 3rd period - Jiri Fischer is hit by Eric Tangradi and loses puck.
18:35 of 3rd period - Alex Picard is hit by Michael Del Zotto and loses puck.
Goals for this period are 0 for Red Wings vs 2 for Devils.
Shots for this period are 8 for Red Wings vs 9 for Devils.